Map: Pylon LE

Players

Shah

  • Race: Terran Terran
  • Spawn Location: 11:00

LigerMaNN - Winner!

  • Race: Zerg Zerg
  • League: Diamond
  • Spawn Location: 5:00

VOD

Have the link to the VOD?

Description

Time

  • Played on: June 8, 2025, 1:08 a.m.
  • Length: 6:20
Show
View Real Time Build Order
Export as new Build Order

Shah Terran 

Build Orders:  

Get SALT Encoding   

  12  0:00  SCV  
  13  0:13  SCV  
  14  0:17  Supply Depot  
  14  0:25  SCV  
  15  0:39  SCV  
  15  0:41  Barracks  
  16  0:46  Refinery  
  16  0:51  SCV  
  17  1:03  SCV  
  18  1:15  SCV  
  19  1:34  Orbital Command  
  19  1:49  Command Center  
  19  1:58  Factory  
  19  2:02  Supply Depot  
  19  2:08  SCV  
  20  2:11  Barracks Reactor  
  20  2:20  SCV  
  21  2:32  Refinery, SCV  
  23  2:44  SCV  
  23  2:54  Barracks Tech Lab  
  23  2:55  Hellion x2  
  27  3:02  Starport  
  26  3:09  SCV  
  27  3:21  SCV  
  27  3:24  Hellion x2  
  32  3:27  Marauder  
  32  3:29  Concussive Shells  
  34  3:39  Armory  
  34  3:43  SCV  
  35  4:03  SCV  
  35  4:04  Hellion x2  
  35  4:05  Marauder  
  42  4:14  Orbital Command  
  42  4:16  Medivac  
  44  4:20  SCV  
  45  4:37  SCV  
  46  5:05  Supply Depot  
  46  5:06  Supply Depot  
  46  5:08  Starport Tech Lab  
  46  5:13  Fusion Core  
  45  5:27  Marauder  
  47  5:28  Supply Depot  
  47  5:29  Supply Depot  
  47  5:34  Hellion x2  
  49  5:42  Viking  
  50  5:48  Marauder  
  42  5:58  Hellion  
  42  5:59  Hellion  
Show
View Real Time Build Order
Export as new Build Order

LigerMaNN Zerg - Winner!

Build Orders: Hatch First 

Get SALT Encoding   

  12  0:01  Drone  
  13  0:14  Overlord  
  13  0:16  Drone  
  14  0:32  Drone x2  
  16  0:50  Drone  
  16  0:52  Hatchery  
  16  0:55  Drone  
  17  0:57  Drone  
  18  1:09  Extractor  
  17  1:13  Spawning Pool  
  17  1:17  Drone  
  17  1:19  Drone  
  18  1:29  Drone  
  19  1:42  Overlord  
  19  2:05  Zergling x6  
  19  2:06  Queen x2  
  26  2:14  Metabolic Boost  
  26  2:18  Drone x2  
  28  2:31  Zergling x4  
  28  2:34  Zergling x2  
  31  2:43  Hatchery  
  30  2:53  Drone x3  
  33  3:08  Drone x3  
  36  3:18  Overlord  
  36  3:19  Overlord  
  36  3:36  Queen  
  36  3:39  Drone x4  
  36  3:40  Drone  
  43  3:42  Drone  
  44  3:54  Drone, Roach Warren  
  44  3:55  Drone  
  45  3:56  Extractor, Drone  
  45  4:10  Drone x2  
  45  4:12  Queen, Drone x3  
  52  4:28  Overlord x3  
  52  4:29  Overlord x2  
  52  4:51  Roach x10  
  52  4:52  Roach  
  74  4:55  Roach  
  76  5:16  Zergling x8  
  76  5:17  Zergling x8  
  76  5:18  Hatchery  
  83  5:21  Evolution Chamber  
  83  5:24  Evolution Chamber  
  76  5:43  Zergling x18  
  76  5:44  Zergling x6  
  85  6:05  Drone x5  
Tags
 
League
Diamond
Matchup
TvZ
Replay Pack
June 2025
Spawn Locations
Cross Positions
Add a new tag
Caveats
  • Supply blocks, unpowered buildings, or Contaminate may cause inaccurate times.
  • Supply counts are checked every 10 seconds.